 Dungeon Crawl Stone Soup version 0.28-a0-828-g0121872642 (webtiles) character file.

Game seed: 7065145765822035642

7 dickylongcocking the Grasshopper (level 1, 0/9 HPs)
             Began as a Felid Warper on Nov 10, 2021.
             Slain by a ball python (1 damage)
             ... on level 1 of the Dungeon.
             The game lasted 00:00:16 (218 turns).

dickylongcocking the Grasshopper (Felid Warper)      Turns: 218, Time: 00:00:16

Health: 0/9        AC:  1    Str:  7    XL:     1   Next: 83%
Magic:  4/4        EV: 14    Int: 14    God:
Gold:   27         SH:  0    Dex: 15    Spells: 4/4 levels left
                                        Lives:  0   Deaths: 0

rFire   . . .      SeeInvis +     - Unarmed
rCold   . . .      Faith    .   (shield unavailable)
rNeg    . . .      Spirit   .   (armour unavailable)
rPois   .          Reflect  .   (helmet unavailable)
rElec   .          Harm     .   (cloak unavailable)
rCorr   .          Rampage  .   (gloves unavailable)
Will    .....                   (boots unavailable)
Stlth   +.........              (no amulet)
HPRegen 0.03/turn               (no ring)
MPRegen 0.09/turn               (no ring)

@: constricted, quick
A: very small, claws 1, fangs 3, see invisible, speed 1, shaggy fur 1, stealthy
paws, no weapons or thrown items, no armour, multi-lived
a: no special abilities


You were on level 1 of the Dungeon.
You visited 1 branch of the dungeon, and saw 1 of its levels.

You collected 27 gold pieces.

Inventory:

Scrolls
 a - a scroll of blinking
 b - a scroll of noise {unknown}


   Skills:
 - Level 2.0 Fighting
 - Level 3.2 Dodging
 * Level 2.6 Unarmed Combat
 - Level 2.0 Spellcasting
 - Level 4.4 Translocations


You had 4 spell levels left.
You didn't know any spells.
Your spell library contained the following spells:

 Spells                   Type           Power      Damage    Failure   Level
 Blink                    Tloc           26%        N/A       6%          2
 Gell's Gravitas          Tloc           13%        N/A       12%         3
 Lesser Beckoning         Tloc           13%        N/A       12%         3
 Teleport Other           Tloc           13%        N/A       12%         3
 Manifold Assault         Tloc           13%        N/A       73%         5


Dungeon Overview and Level Annotations

Branches:
Dungeon (1/15)

Altars:


Innate Abilities, Weirdness & Mutations

You have sharp claws.
You have razor-sharp teeth.
You have supernaturally acute eyesight. (SInv)
You cover ground quickly. (Speed+)
You are covered in fur. (AC +1)
Your paws help you pounce on unaware monsters.
You are incapable of wielding weapons or throwing items.
You cannot wear armour.
You gain extra lives every three experience levels.


Message History

The quokka barely misses you.
You scratch the quokka.
You kill the quokka!
A bat comes into view.
Found a scale mail.
A bat is nearby!
Found a purple potion.
A bat is nearby!
A ball python, a quokka and a goblin come into view.
Found a dagger.
The goblin shouts!
You hear a shout!
The ball python hisses angrily.
A goblin comes into view. It is wielding a +0 dagger.
The goblin shouts!
A ball python comes into view.
The bat barely misses you. The quokka bites you.
You scratch the bat.
You kill the bat!
The ball python misses you. The ball python closely misses you.
The quokka misses you. The goblin completely misses you.
Unknown command.
The goblin hits you with a +0 club. The ball python misses you. x2
You closely miss the ball python. The ball python closely misses you.
The ball python barely misses you.
You scratch the ball python.
The ball python is moderately wounded.
The ball python bites you.
* * * LOW HITPOINT WARNING * * *
The ball python completely misses you.
You barely miss the ball python. The ball python closely misses you.
The ball python barely misses you.
The quokka twitches its whiskers.
The ball python bites you but does no damage.
The ball python grabs you. The ball python constricts you.
* * * LOW HITPOINT WARNING * * *
Unknown command.
The ball python's grasp on you weakens, but your attempt to escape fails.
The ball python bites you.
You die...

###.#.#.......##..#...
.........#######..#...
###.#.#.## #..#...
#.....# #..#...
###.### ...#..<
########.# #...#...
.........# #...#...
########.# #...#...
#@# #...#... #S#
#....... #r# ...#####
.#####S### #.#. #
.......gg.###.....
.!....#.#..g....#
..###.#.#†...#.... #
#.....## . .....#..[.#


You could see a quokka, 2 goblins and 2 ball pythons.

Vanquished Creatures
  2 bats (D:1)
  2 jackals (D:1)
  A quokka (D:1)
  A rat (D:1)
6 creatures vanquished.

Notes
Turn   | Place    | Note
-------+----------+-------------------------------------------
     0 | D:1      | dickylongcocking the Felid Warper began the quest for the
                  | Orb.
     0 | D:1      | Reached XP level 1. HP: 9/9 MP: 4/4
   218 | D:1      | Slain by a ball python

Illustrated notes

Levels and vault maps discovered:
D:1:      minmay_arrival_semitransparent, layout_loops_ring, serial_shops,
          nicolae_shop_crystal

Action                   || total
-------------------------++-------
Melee: Unarmed           ||    26
       Bite              ||     1
Armor: Skin              ||     4
Dodge: Dodged            ||    43

Table legend: (Time is in decaauts)
 A = Elapsed time spent in this place.
 B = Non-inter-level travel time spent in this place.
 C = Inter-level travel time spent in this place.
 D = Time resting spent in this place.
 E = Time spent auto-exploring this place.
 F = Levels seen in this place.
 G = Mean time per level.
                   A        B        C        D        E       F      G
               +--------+--------+--------+--------+--------+-----+--------+
         Total |    191 |    191 |      0 |      0 |    135 |   1 |  191.0 |
       Dungeon |    191 |    191 |      0 |      0 |    135 |   1 |  191.0 |
               +--------+--------+--------+--------+--------+-----+--------+

Top non-repeatable levels by time:
     D:1: 191 daAuts
